[Event "Late-Titled-Tuesday-Blitz-March-05-2024"]
[Site "Chess.com"]
[Date "2024.03.05"]
[Round "1"]
[White "jlf287"]
[Black "bancsoo"]
[Result "1-0"]
[WhiteElo "2524"]
[BlackElo "2891"]
[TimeControl "180+1"]
[EndTime "14:08:03 PST"]
[Termination "jlf287 won by resignation"]

1. d4 d5 2. c4 c6 3. Nf3 Nf6 4.
cxd5 cxd5 5. Nc3 Nc6 6. Bf4 Bf5 7. e3 e6 8. Qb3 Qb6 9. Bb5 Be7 10. O-O O-O 11. Rfc1 Rfc8 12. h3 a6 13. Bxc6 Qxc6 14. Ne5 Qe8 15. a4 Qd8 16. a5 Ne8 17. g4 Be4 18. f3 Bg6 19. Nxg6 hxg6 20. Qxb7 Nd6 21.
Qb3 Nc4 22. Na4 Qxa5 23. Nc5 Qd2 24. Rc2 Bxc5 25. dxc5 Na5 26. Qa4 Qd3 27. Ra3 Qd1+ 28. Kg2 Nc4 29. Rac3 Nd2 30. e4 Qf1+ 31. Kh2 Nxf3+ 32.
Kg3 Nd4 33. Qxd4 Qe1+ 34. Kg2 dxe4 35. Re3 Qb1 36. Qxe4 Rd8 37. Bd6 Rac8 38. Rf2 Qd1 39. Qf4 Rd7 40. Qf3 Qd4 41. Re4 Qd5 42. Rf4 Qxf3+ 43.
R4xf3 f6 44. Ra3 Rc6 45. b4 e5 46. Rfa2 Rb7 47. Rxa6 Rxa6 48. Rxa6 Rxb4 49. c6 Rb2+ 50. Kf3 Rc2 51. c7 Kf7 52. Ra8 Ke6 53. c8=Q+ Rxc8 54. Rxc8 Kxd6 55. Rg8 Ke6 56. Rxg7 1-0

[Event "Late-Titled-Tuesday-Blitz-March-05-2024"]
[Site "Chess.com"]
[Date "2024.03.05"]
[Round "1"]
[White "DeTimmerman"]
[Black "Kopytkin"]
[Result "1-0"]
[WhiteElo "2753"]
[BlackElo "2446"]
[TimeControl "180+1"]
[EndTime "14:08:04 PST"]
[Termination "DeTimmerman won on time"]

1. b4 e5 2. Bb2 f6 3. e4 Bxb4 4. Bc4 Nc6 5. Bxg8 Rxg8 6. Qh5+ Kf8 7. Qxh7 d5 8. Ne2 Ne7 9. O-O Qd7 10. f4 Qg4 11.
Rf3 Bc5+ 12. Kf1 dxe4 13. Qxe4 Qf5 14. Qc4 e4 15. Ng3 Be6 16. Qxe4 Qxe4 17. Nxe4 Bb6 18. Nbc3 Rh8 19. h3 Kf7 20. Re1 Rad8 21. d3 Nf5 22.
Na4 Bd4 23. c3 Bb6 24. Nxb6 axb6 25. d4 Bd5 26. g4 Nh4 27. Rfe3 Rhe8 28. Nd2 Bxa2 29.
Rxe8 Rxe8 30. Ra1 Bd5 31. Kf2 Ng6 32. c4 Nxf4 33. cxd5 Nd3+ 34. Kf3 Nxb2 35. Rc1 Re7 36. Ne4 Nd3 37. Rc3 Nb4 38. d6 cxd6 39. Nxd6+ Kg6 40. Nf5 Rd7 41. h4 Nd5 42. Rc8 Kf7 43. h5 Ne7 44. Nxe7 Rxe7 45. Rc4 Kg8 46. Rb4 Kh7 47. Rxb6 Rd7 48. Ke4 Kh6 49. Rb5 g6 50. hxg6 Kxg6 51. d5 Kf7 52. Rb6 Kg6 53. Kd4 Kg5 54. Kc5 Kxg4 55.
Rxf6 Kg5 56. Rf1 Kg6 57. d6 Kg7 58. Kd5 Kg6 59. Ke6 Rd8 60. Rg1+ Kh7 61. d7 Rf8 62. Ke7 1-0

[Event "Late-Titled-Tuesday-Blitz-March-05-2024"]
[Site "Chess.com"]
[Date "2024.03.05"]
[Round "1"]
[White "laziestwin"]
[Black "JiiHart"]
[Result "1-0"]
[WhiteElo "2568"]
[BlackElo "2175"]
[TimeControl "180+1"]
[EndTime "14:08:04 PST"]
[Termination "laziestwin won by checkmate"]

1. d4 d5 2. c4 c5 3. dxc5 e6 4. cxd5 Bxc5 5. e4 exd5 6. exd5 Nf6 7. Nc3 O-O 8. Be2 Qb6 9. Na4 Bxf2+ 10. Kf1 Qd4 11. Nf3 Qxd1+ 12. Bxd1 Bb6 13. Nxb6 axb6 14. Bb3 Bf5 15. Be3 b5 16. Rd1 Nbd7 17. Nd4 Bg4 18. Re1 Nc5 19. Nxb5 Nxb3 20. axb3 Nxd5 21. Kf2 Nb4 22.
Kg3 Bf5 23. Bc5 Nd3 24. Bxf8 Nxe1 25. Rxe1 Kxf8 26. Nd6 Be6 27. Nxb7 Bxb3 28. Nc5 Bd5 29. b4 Rb8 30. Rb1 g6 31. b5 Ke7 32. b6 Kd6 33. Na6 Rb7 34. Kf4 Kc6 35. Nb4+ Kc5 36. Nxd5 Kxd5 37. Kg5 Kc6 38. Kf6 Rxb6 39. Rxb6+ Kxb6 40.
Kxf7 Kc5 41. Kg7 Kd4 42. Kxh7 Ke3 43. Kxg6 Kf2 44. h4 Kxg2 45. h5 Kf3 46. h6 Ke4 47.
h7 Kd5 48. h8=Q Ke4 49. Qf6 Kd5 50. Kf5 Kc5 51. Qe6 Kd4 52. Qe5+ Kc4 53. Ke4 Kb4 54. Qd5 Kc3 55. Qd4+ Kb3 56. Kd3 Ka3 57. Qb6 Ka2 58.
Kc2 Ka3 59. Qb3# 1-0

[Event "Late-Titled-Tuesday-Blitz-March-05-2024"]
[Site "Chess.com"]
[Date "2024.03.05"]
[Round "1"]
[White "HaryKane"]
[Black "GMthekingindian"]
[Result "1/2-1/2"]
[WhiteElo "2599"]
[BlackElo "2305"]
[TimeControl "180+1"]
[EndTime "14:08:08 PST"]
[Termination "Game drawn by repetition"]

1. d4 d5 2. e3 c6 3. f4 Nh6 4. Nf3 Bf5 5. Be2 e6 6. O-O Nd7 7. Nbd2 Be7 8. b3 a5 9. a3 a4 10. b4 b5 11. Bd3 Nf6 12. Ne5 Qc7 13. Qe2 Be4 14. Bxe4 Nxe4 15. Nxe4 dxe4 16. c4 Qb7 17.
Bb2 O-O 18. Rac1 f6 19. cxb5 fxe5 20. bxc6 Qb6 21. dxe5 Nf5 22. Rfe1 Rfc8 23. g4 Nh4 24. Bd4 Nf3+ 25. Qxf3 Qxd4 26. exd4 exf3 27. f5 Ra6 28. fxe6 Raxc6 29. Rxc6 Rxc6 30. d5 Rc2 31. Rd1 Rg2+ 32. Kh1 Kf8 33. d6 Bh4 34. e7+ Bxe7 35. dxe7+ Kxe7 36. Rf1 Rxg4 37. Rxf3 Re4 38. Rg3 g6 39. Rh3 h5 40.
Rg3 Rxe5 41. Rxg6 Re3 42. Rg5 h4 43. Kg2 h3+ 44. Kf2 Rxa3 45. Ra5 Kd7 46. Ra6 Kc7 47. Ra5 Kb6 48. Ra8 Kb7 49. Ra5 Kb6 50. Ra8 Kb5 51. Rb8+ Kc6 52. b5+ Kc7 53. Ra8 Kb7 54.
Rh8 Kb6 55. Rb8+ Kc7 56. Ra8 Kb7 57. Ra6 Kc7 58. Ra8 1/2-1/2

[Event "Late-Titled-Tuesday-Blitz-March-05-2024"]
[Site "Chess.com"]
[Date "2024.03.05"]
[Round "1"]
[White "Heydarli77"]
[Black "Willhaven3"]
[Result "0-1"]
[WhiteElo "2366"]
[BlackElo "2651"]
[TimeControl "180+1"]
[EndTime "14:08:09 PST"]
[Termination "Willhaven3 won by resignation"]

1. d4 Nf6 2. Nf3 e6 3. g3 d5 4. Bg2 Be7 5. O-O Ne4 6. c4 f5 7. b3 Bf6 8. Qc2 Nc6 9. Rd1 g5 10. Bb2 g4 11. Ne5 O-O 12. cxd5 exd5 13. Nxc6 bxc6 14. Qxc6 Rb8 15. Nc3 Bb7 16. Qa4 a6 17. e3 Re8 18. Rac1 c6 19. Ne2 Qe7 20. Nf4 a5 21.
Nd3 Rec8 22. Qxa5 Ra8 23. Qb4 Rxa2 24. Qxe7 Bxe7 25. Ra1 Rca8 26. Rxa2 Rxa2 27. Ra1 Rxa1+ 28. Bxa1 Nd2 29. b4 Ba6 30. Nc5 Bb5 31. Bc3 Ne4 32. Be1 Kf7 33. Bf1 Ng5 34. Bxb5 cxb5 35.
Bc3 Ne4 36. Be1 h5 37. Kg2 Ng5 38. Bc3 Ne4 39. Be1 Ng5 40. Nd3 Bd6 41. Bc3 Ne4 42. Be1 Ng5 43. Nf4 Bxf4 44. gxf4 Ne4 45. f3 Nd6 46. h3 Kg6 47. fxg4 hxg4 48. hxg4 fxg4 49. Bh4 Kf5 50. Be7 Nc4 51. Kf2 Ke4 52. Ke2 Nxe3 53. Bg5 Nf5 54. Bf6 Nxd4+ 55. Bxd4 Kxd4 56. Kf2 Ke4 57. Kg3 Kf5 0-1

[Event "Late-Titled-Tuesday-Blitz-March-05-2024"]
[Site "Chess.com"]
[Date "2024.03.05"]
[Round "1"]
[White "Championnn-9"]
[Black "MatthewG-p4p"]
[Result "0-1"]
[WhiteElo "2503"]
[BlackElo "2897"]
[TimeControl "180+1"]
[EndTime "14:08:11 PST"]
[Termination "MatthewG-p4p won by resignation"]

1. c4 e6 2. Nf3 d5 3. cxd5 exd5 4.
d4 c6 5. Nc3 Bd6 6. g3 Nf6 7.
Bg2 O-O 8. O-O h6 9. a3 Re8 10. b4 Bf5 11. Bf4 Bf8 12. Rc1 Nbd7 13. Na4 a5 14. Nc5 axb4 15. axb4 Qb6 16. Ne5 Nxe5 17.
dxe5 Nd7 18. e4 Be6 19. exd5 cxd5 20. Bxd5 Nxc5 21. bxc5 Bxc5 22. Rb1 Qa5 23. Bxe6 Rxe6 24. Rxb7 Rd8 25. Qf3 Re7 26. Rxe7 Bxe7 27. Qc6 Qd5 28. Qxd5 Rxd5 29. Rc1 g5 30. Rc8+ Bf8 31. Bc1 Kg7 32. Kg2 Be7 33. Bb2 Rb5 34. Bc3 Kg6 35.
Re8 Rb7 36. g4 Rc7 37. Bd4 Rd7 38. Be3 Kg7 39. Kf3 Rb7 40. Ke4 Rb4+ 41. Kf5 Bc5 42. Rc8 Bxe3 43. fxe3 Rb2 44. Rc7 Rf2+ 45. Ke4 Kf8 46. h3 Rh2 47. Kf5 Rxh3 48. e6 Rf3+ 49. Ke4 Rf6 50. exf7 Ra6 51. Kf5 Kg7 52. e4 Rf6+ 53.
Ke5 Rf4 54. Kd5 Rxg4 55. e5 Rg1 56. e6 Rd1+ 57. Kc5 Re1 58. Re7 g4 59. Re8 Rxe6 0-1

[Event "Late-Titled-Tuesday-Blitz-March-05-2024"]
[Site "Chess.com"]
[Date "2024.03.05"]
[Round "1"]
[White "ferdipy"]
[Black "Slovak_fighter2000"]
[Result "0-1"]
[WhiteElo "2323"]
[BlackElo "2627"]
[TimeControl "180+1"]
[EndTime "14:08:15 PST"]
[Termination "Slovak_fighter2000 won on time"]

1. e4 c5 2. d4 cxd4 3. c3 dxc3 4.
Nxc3 Nc6 5. Bc4 d6 6. Nf3 a6 7. O-O Nf6 8. h3 e6 9. Qe2 Be7 10. Rd1 Qc7 11. Bf4 O-O 12. Rac1 Qb8 13. Bb3 Ne5 14. Nd4 Bd7 15. Bg5 h6 16. Bh4 b5 17. f4 Ng6 18. Bg3 e5 19. fxe5 Nxe5 20. Nf5 Bxf5 21. exf5 Re8 22. Bf2 Bf8 23. Qd2 Qc8 24.
Qf4 Qb7 25. Nd5 Rac8 26. Nxf6+ gxf6 27. Bd5 Qd7 28. Bh4 Bg7 29. Rxc8 Rxc8 30. Be4 Rc4 31. Qe3 Qc7 32. Bf2 Bf8 33. Bb1 Kh7 34. b3 Rc3 35. Qe1 Qc6 36. Bd4 Rc5 37. Bxc5 dxc5 38. Be4 Qc7 39. Qg3 c4 40. bxc4 bxc4 41. Rc1 Bc5+ 42. Kh1 Bd4 43. Qh4 Nd7 44. Bd5 Be5 45. Qxc4 Qd6 46.
Bxf7 Qd2 47. Bg6+ Kh8 48. Qc8+ Kg7 49. Rf1 Nf8 50. Qb7+ Nd7 51. Qf3 Qd4 52. Qf4 Bxf4 0-1

[Event "Late-Titled-Tuesday-Blitz-March-05-2024"]
[Site "Chess.com"]
[Date "2024.03.05"]
[Round "1"]
[White "Kleyton_Lima"]
[Black "mishanick"]
[Result "0-1"]
[WhiteElo "2524"]
[BlackElo "3082"]
[TimeControl "180+1"]
[EndTime "14:08:18 PST"]
[Termination "mishanick won by checkmate"]

1. e4 c5 2. Nf3 d6 3. d4 cxd4 4.
Nxd4 Nf6 5. Nc3 a6 6. Bg5 e6 7. f4 Qb6 8. Qd2 Nc6 9. Bxf6 gxf6 10. Nb3 Bd7 11. O-O-O O-O-O 12. Be2 h5 13. Rhf1 h4 14. Rf3 Ne7 15. Kb1 Ng6 16. Rd3 Kb8 17. Bf3 Bc8 18. Na4 Qb5 19. Nc3 Qe8 20. Ne2 Rd7 21. Na5 Rc7 22. Rb3 e5 23. f5 Ne7 24. Nc3 d5 25.
Nxd5 Nxd5 26. Qxd5 Bc5 27. Be2 Ka7 28. Rc3 Bb6 29.
Rxc7 Bxc7 30. Nc4 Qe7 31. Ne3 Bb6 32. Qb3 Bc5 33. Nd5 Qd6 34. Qc4 Bf2 35. a3 b5 36.
Qc7+ Qxc7 37. Nxc7 h3 38. gxh3 Rxh3 39. Rd8 Bb7 40.
Rd7 Bxe4 41. Nxb5+ Kb6 42. Nd6 Bc6 43. Rxf7 Rxh2 44.
Rxf6 Kc5 45. Nc4 Bd5 46. b3 Rh1+ 47. Kb2 Bxc4 48. Bxc4 Bd4+ 49. c3 Rh2+ 50. Kc1 Bxc3 51. Rxa6 e4 52. f6 e3 53. f7 Rf2 54. Ra8 Bg7 55.
Rg8 Bh6 56. Rc8+ Kd6 57. Re8 e2+ 58. Kc2 e1=Q+ 59. Kd3 Qd2+ 60. Ke4 Rf4# 0-1

[Event "Late-Titled-Tuesday-Blitz-March-05-2024"]
[Site "Chess.com"]
[Date "2024.03.05"]
[Round "1"]
[White "Noki102"]
[Black "BogdanDeac"]
[Result "1-0"]
[WhiteElo "2535"]
[BlackElo "2964"]
[TimeControl "180+1"]
[EndTime "14:08:18 PST"]
[Termination "Noki102 won by resignation"]

1. d4 Nf6 2. Nf3 g6 3. g3 b5 4.
Bg2 Bb7 5. O-O Bg7 6. a4 b4 7. c4 bxc3 8. Nxc3 O-O 9. Qb3 Qc8 10.
Rd1 a5 11. Ne5 Bxg2 12. Kxg2 d6 13. Nc4 Nc6 14. Nb5 Qb7 15. Qf3 d5 16. Ne5 Nxe5 17.
dxe5 Ne4 18. Bf4 c6 19. Nc3 Nc5 20. Qe3 Nb3 21. Ra3 d4 22. Qd3 c5+ 23. Ne4 Rab8 24. Qf3 c4 25. h4 h5 26. Nd2 Nxd2 27. Rxd2 Rfd8 28. e6 Qxf3+ 29. Kxf3 Rb4 30. exf7+ Kxf7 31. Bc7 Ra8 32. b3 c3 33. Rc2 Ke6 34. Ke4 Kd7 35. Bf4 Kc6 36. Kd3 e5 37. Bg5 Kd5 38. f3 Rab8 39.
e4+ Kc6 40. f4 Rxb3 41. Rxb3 Rxb3 42. fxe5 Bxe5 43. Bf4 Bxf4 44. gxf4 Rb2 45. Rxb2 cxb2 46. Kc2 Kc5 47. Kxb2 Kb4 48. e5 Kc5 49. Kc2 Kd5 50.
Kd2 Kc5 51. Kd3 Kd5 52. Kd2 Kc5 53. Ke2 Kd5 54. Kd3 Kc5 55. Ke4 Kc4 56. e6 d3 57.
e7 d2 58. e8=Q d1=Q 59. Qb5+ Kc3 60. Qxa5+ Kb3 61. Qb5+ Ka3 62. Qd3+ Qxd3+ 63. Kxd3 Kxa4 64. Ke4 Kb5 65. Ke5 Kc4 66. Kf6 Kd4 67. Kxg6 Ke4 68. f5 1-0

[Event "Late-Titled-Tuesday-Blitz-March-05-2024"]
[Site "Chess.com"]
[Date "2024.03.05"]
[Round "1"]
[White "Kiborg95"]
[Black "GilbertoHernandezAmura"]
[Result "1-0"]
[WhiteElo "2785"]
[BlackElo "2453"]
[TimeControl "180+1"]
[EndTime "14:08:18 PST"]
[Termination "Kiborg95 won by resignation"]

1. e4 c6 2. d4 d5 3. e5 Bf5 4.
h4 h5 5. c4 e6 6. Nc3 dxc4 7.
Bxc4 Nd7 8. Nge2 Nb6 9. Bb3 Be7 10. Ng3 Bg4 11. Qd3 Bxh4 12. Nce4 Nc8 13. Bd2 Nh6 14. Bxh6 Rxh6 15. Kf1 Be7 16. f3 Bf5 17. Nxf5 exf5 18. Ng3 g6 19. d5 cxd5 20. Bxd5 Nb6 21. Qb5+ Qd7 22. Qxd7+ Nxd7 23. f4 Rb8 24. Rd1 Nb6 25. Bb3 Rh8 26. Ke2 Kf8 27. Rc1 h4 28. Rc7 Rc8 29.
Rxb7 Rh7 30. Nf1 Bc5 31. Ne3 a5 32. Rc1 Bxe3 33. Rxc8+ Nxc8 34. Kxe3 Ne7 35. Ra7 h3 36. gxh3 Rxh3+ 37. Kd2 Rh4 38. Ke3 Rh3+ 39. Kf2 Rh4 40.
Kg3 Rg4+ 41. Kf3 Rh4 42. Rxa5 Rh2 43. Ra8+ Kg7 44. Ra7 Kf8 45. Rb7 Rxb2 46. a4 Rb1 47. Ke3 Ra1 48. Kd3 Rf1 49. Rb4 Nc6 50. Rb7 Rxf4 51.
Rxf7+ Ke8 52. Rc7 Nxe5+ 53. Kc3 Rf3+ 54. Kb4 g5 55. a5 Rf4+ 56. Kb5 Rf3 57. Ba4 Kd8 58. Rg7 g4 59. a6 Rf1 60. a7 Rb1+ 61.
Ka6 1-0

[Event "Late-Titled-Tuesday-Blitz-March-05-2024"]
[Site "Chess.com"]
[Date "2024.03.05"]
[Round "1"]
[White "traack"]
[Black "NikolaGry"]
[Result "1-0"]
[WhiteElo "2445"]
[BlackElo "2711"]
[TimeControl "180+1"]
[EndTime "14:08:18 PST"]
[Termination "traack won on time"]

1. e4 f6 2. d4 c6 3. Nf3 Na6 4. Bd3 d6 5. O-O g6 6. b3 Bg7 7.
Bb2 Nh6 8. Nbd2 Nf7 9. Re1 e5 10. c4 O-O 11. h3 Nc7 12. d5 c5 13.
a3 f5 14. b4 b6 15. Bf1 Ng5 16.
Nxg5 Qxg5 17. Nf3 Qd8 18. exf5 gxf5 19. Ra2 Bd7 20. Ba1 Re8 21. Qc1 Qf6 22. Rae2 Qg6 23. Nh4 Qh5 24. g3 Bf6 25. Kh2 Rf8 26. f4 e4 27.
Bxf6 Rxf6 28. Ng2 Rg6 29. Ne3 Rf8 30. Rg2 Ne8 31. Qd1 Qxh3+ 32. Kg1 Rxg3 33. Re2 Ng7 34. Qe1 Rxg2+ 35. Rxg2 Qh6 36. Rg5 Rf6 37. Qg3 Rg6 38.
Bh3 Nh5 39. Qh4 Rxg5+ 40. fxg5 Qg6 41. Bxf5 Bxf5 42. Nxf5 Qxf5 43. Qxh5 Qe5 44. Kf2 Qf4+ 45. Ke2 Qf7 46. Qh6 Qf3+ 47. Ke1 Qe3+ 48. Kf1 Qf3+ 49. Ke1 Qe3+ 50. Kf1 Qf4+ 51. Ke2 Qe5 52. g6 hxg6 53. Qxg6+ Kf8 54. Qh6+ Ke8 55. Qg6+ Kd7 56. Qf7+ Qe7 57. Qf5+ Kc7 58. Qg6 Kb7 59. Ke3 cxb4 60. axb4 1-0

[Event "Late-Titled-Tuesday-Blitz-March-05-2024"]
[Site "Chess.com"]
[Date "2024.03.05"]
[Round "1"]
[White "tolimachess"]
[Black "aa175"]
[Result "0-1"]
[WhiteElo "2418"]
[BlackElo "2709"]
[TimeControl "180+1"]
[EndTime "14:08:18 PST"]
[Termination "aa175 won by checkmate"]

1. e4 e5 2. Nf3 Nc6 3. d4 exd4 4.
Nxd4 Qf6 5. Nb5 Bc5 6. Qf3 Qxf3 7. gxf3 Bb6 8. Be3 Kd8 9. N1c3 Nge7 10. Rg1 Ng6 11.
h4 Bxe3 12. fxe3 a6 13. Nd4 Nxd4 14. exd4 Nxh4 15. Rxg7 Nxf3+ 16. Kf2 Nxd4 17. Rd1 Ne6 18. Rxf7 Rf8 19. Rxf8+ Nxf8 20. Bd3 Ng6 21. Rh1 c6 22. Rxh7 Ne5 23. a4 b5 24. a5 Kc7 25. Ke3 Bb7 26. Kd4 Re8 27. Be2 Re6 28. b4 Ng6 29. Bg4 Rd6+ 30. Ke3 Ne5 31. Be2 Bc8 32. Nb1 Rg6 33.
Nd2 Kb8 34. Nb3 d6 35. Nd4 Rf6 36. Bh5 Nc4+ 37. Ke2 Ne5 38. Be8 c5 39. Nc6+ Nxc6 40. Bxc6 cxb4 41. Kd3 Rf3+ 42. Kd4 Rc3 43. Kd5 Rxc2 44.
Kxd6 b3 45. Rh1 b2 46. Rb1 Rd2+ 47. Bd5 Bg4 48. Kc5 Bd1 49. Ba2 Be2 50. Re1 Bd3 51. e5 Rc2+ 52. Kb6 Rc1 53. Re3 Bc4 54. Rg3 Bxa2 55.
e6 Bxe6 56. Re3 b1=Q 57. Rxe6 Rc8 58. Re7 Qg1+ 59. Kxa6 Qg6+ 60. Kxb5 Qc6+ 61. Kb4 Qc4+ 62.
Ka3 Qc5+ 63. Ka4 Qxe7 64. a6 Ka7 65. Kb5 Qe2+ 66. Ka4 Rc4+ 67. Kb5 Rc2+ 68. Kb4 Qc4+ 69. Ka3 Ra2# 0-1

[Event "Late-Titled-Tuesday-Blitz-March-05-2024"]
[Site "Chess.com"]
[Date "2024.03.05"]
[Round "1"]
[White "MKlose11"]
[Black "Sajkochess"]
[Result "1/2-1/2"]
[WhiteElo "2626"]
[BlackElo "2337"]
[TimeControl "180+1"]
[EndTime "14:08:19 PST"]
[Termination "Game drawn by repetition"]

1. e4 c6 2. Nc3 d5 3. g3 d4 4. Nce2 e5 5. d3 c5 6. Bg2 Nc6 7. f4 f6 8. Nf3 Be6 9. O-O Qd7 10. fxe5 Nxe5 11. Nf4 Bf7 12. Bh3 Qd6 13. b3 Ne7 14. a4 N7g6 15. Nd5 Bxd5 16. exd5 Qxd5 17. Nxe5 Nxe5 18. Bf4 Bd6 19. Bg2 Qf7 20. Bxe5 Bxe5 21. Qf3 Rb8 22. Rae1 O-O 23. Qe4 Qd7 24. a5 Rfe8 25.
Qh4 g6 26. a6 bxa6 27. Ra1 Rb6 28. Qe4 f5 29. Qd5+ Qxd5 30. Bxd5+ Kg7 31. Bc4 Bf6 32. Bxa6 Re2 33. Rf2 Rbe6 34. Kf1 Rxf2+ 35. Kxf2 Bg5 36.
Bc4 Re7 37. Ra6 Be3+ 38. Kf3 g5 39. h3 h5 40. Rc6 g4+ 41. hxg4 fxg4+ 42. Kg2 Re5 43.
Rc7+ Kf6 44. Rxa7 Rf5 45. Rf7+ Kg6 46. Rxf5 Kxf5 47. Bf7 Kg5 48. Be8 h4 49. gxh4+ Kxh4 50. Bd7 Kg5 51. Bc6 Kf4 52. Bd5 Bd2 53. Bc4 Be1 54. Kg1 Ke3 55. Kg2 Kd2 56. Be6 g3 57. Bc4 Kxc2 58. Kf3 Kd2 59. Kg2 Ke3 60. Bb5 Kf4 61. Bc4 Bb4 62. Bb5 Ba5 63. Bc4 Bc7 64. Bb5 Ke3 65. Bc4 Kd2 66. Bb5 Kc3 67. Bc4 Bf4 68.
Kf3 Bd6 69. Kg2 Kb4 70. Kf3 Kc3 71. Kg2 Kb4 72. Kf3 Kc3 1/2-1/2

[Event "Late-Titled-Tuesday-Blitz-March-05-2024"]
[Site "Chess.com"]
[Date "2024.03.05"]
[Round "1"]
[White "lamomiajunior"]
[Black "volkanyirik"]
[Result "1-0"]
[WhiteElo "2712"]
[BlackElo "2419"]
[TimeControl "180+1"]
[EndTime "14:08:20 PST"]
[Termination "lamomiajunior won by resignation"]

1. d4 Nf6 2. c4 c5 3. d5 b5 4.
Nf3 d6 5. cxb5 a6 6. e3 axb5 7. Bxb5+ Nbd7 8. Nc3 g6 9. O-O Bg7 10. e4 O-O 11. Bf4 Ba6 12. a4 Ng4 13. Qe2 Qa5 14. h3 Nge5 15. Nxe5 Nxe5 16. Bd2 c4 17. Bxa6 Qxa6 18.
Nb5 Rfc8 19. Bc3 Qb6 20. Kh1 Nd3 21. Bxg7 Kxg7 22. b3 Nc5 23. bxc4 Nxa4 24. e5 Qc5 25.
Rfc1 Nb6 26. Rxa8 Rxa8 27. exd6 exd6 28. Qe7 Nxd5 29. Qxd6 Rc8 30. Qxc5 Rxc5 31. Na3 Nb4 32. Kg1 Kf6 33. Kf1 Ke5 34. Ke2 Kd4 35. Nb5+ Ke5 36. Ke3 g5 37. Na3 f5 38. Kd2 h5 39. Rb1 Nc6 40. Kc3 Ra5 41. Re1+ Kd6 42. Nb5+ Kc5 43. Rd1 Kb6 44. Rd6 Kb7 45. Rf6 Ra2 46. Rxf5 g4 47. hxg4 hxg4 48. g3 Kb6 49. Nd4 Ra3+ 50. Kb2 Ra4 51.
c5+ Kc7 52. Rf7+ Kc8 53. Nf5 Ne5 54. Nd6+ Kb8 55. Rb7+ Ka8 56. Re7 Nc6 57. Re4 Ra5 58. Rxg4 Rxc5 59. Ne4 Rb5+ 60. Kc3 Ne5 61. Rg5 Ra5 62.
f4 Nc6 63. Rxa5+ Nxa5 64. Kd4 1-0

[Event "Late-Titled-Tuesday-Blitz-March-05-2024"]
[Site "Chess.com"]
[Date "2024.03.05"]
[Round "1"]
[White "Zadar321"]
[Black "TanitoluwaAps116"]
[Result "0-1"]
[WhiteElo "2486"]
[BlackElo "2833"]
[TimeControl "180+1"]
[EndTime "14:08:26 PST"]
[Termination "TanitoluwaAps116 won by resignation"]

1. e4 c5 2. Nf3 e6 3. d4 cxd4 4. Nxd4 Nf6 5. Nc3 Nc6 6. Ndb5 d6 7. Bf4 e5 8. Bg5 a6 9. Na3 b5 10. Nd5 Be7 11. Bxf6 Bxf6 12. c3 Rb8 13. Nc2 Bg5 14. h4 Bxh4 15. a4 bxa4 16. Ncb4 Nxb4 17. cxb4 Bg5 18.
Qxa4+ Bd7 19. Qxa6 O-O 20. Qxd6 Be6 21. Qxd8 Rfxd8 22. Bc4 Rxb4 23. Nxb4 Bd2+ 24. Kd1 Bxb4+ 25. Bd5 f5 26. Ra8 Rxa8 27. Bxa8 Bb3+ 28. Ke2 Bc4+ 29.
Kf3 g6 30. Rc1 Bd3 31. Rd1 Bc2 32. Rd7 h5 33. Bd5+ Kh8 34. g3 Bc5 35. Kg2 Bd4 36.
f3 Bxb2 37. Bc6 Bd4 38. Rd8+ Kg7 39. Rd7+ Kh6 40. Bd5 Kg5 41. Bf7 Kf6 42. Bd5 f4 43. Rd6+ Kg7 44. Re6 g5 45. gxf4 exf4 46. Bc4 g4 47.
Bd5 Bd1 48. e5 h4 49. Be4 h3+ 50. Kh2 g3+ 51. Kxh3 Be2 52. Rg6+ Kf7 53. e6+ Ke7 54. Bd5 Bf1+ 55. Kh4 Bf6+ 56. Kh5 g2 57. Kh6 Bd4 58.
Rg5 g1=Q 59. Rxg1 Bxg1 60. Kg5 Be3 61. Kf5 Bh3+ 62. Kg5 Bxe6 63. Bc4 Bxc4 0-1

[Event "Late-Titled-Tuesday-Blitz-March-05-2024"]
[Site "Chess.com"]
[Date "2024.03.05"]
[Round "1"]
[White "dosto07"]
[Black "Genghis_K"]
[Result "0-1"]
[WhiteElo "2511"]
[BlackElo "2940"]
[TimeControl "180+1"]
[EndTime "14:08:27 PST"]
[Termination "Genghis_K won by checkmate"]

1. e4 c5 2. Nf3 d6 3. Bb5+ Bd7 4. Bxd7+ Nxd7 5. O-O e6 6. c3 Ngf6 7. Re1 Be7 8. d4 O-O 9. Bg5 h6 10. Bh4 Rc8 11.
Nbd2 cxd4 12. cxd4 Qb6 13. Qa4 Qc6 14. Qxc6 Rxc6 15.
d5 Rc2 16. dxe6 fxe6 17. Red1 e5 18. Rab1 g5 19. Bg3 Nc5 20. Ne1 Rxd2 21. Rxd2 Nfxe4 22. Rc2 h5 23. f3 h4 24. Bf2 Nxf2 25. Kxf2 d5 26.
Rbc1 b6 27. Ke2 Ne6 28. Rc8 Bc5 29. Rxf8+ Kxf8 30. Nd3 Nf4+ 31. Nxf4 gxf4 32. Kd3 Ke7 33. a3 a5 34. Re1 Ke6 35. Kc3 Bd4+ 36. Kc2 Kf5 37.
b4 axb4 38. axb4 e4 39. Rd1 Ke5 40. Kd2 h3 41. gxh3 exf3 42. Rf1 Ke4 43. h4 Be3+ 44. Kc2 f2 45. h5 Kf3 46. h6 Ke2 47. h7 Bd4 48. Rd1 Bh8 49. Rd2+ Kf3 50. Rd1 Kg2 51. Rd2 Kg1 52. Rxd5 f1=Q 53. Rd8 Qc4+ 54. Kd2 Qc3+ 55. Ke2 f3+ 56. Kd1 f2 57. Rg8+ Kh1 58. Rf8 Qd3+ 59.
Kc1 f1=Q+ 60. Rxf1+ Qxf1+ 61. Kc2 Qf3 62. b5 Qc3+ 63.
Kd1 Qb2 64. Ke1 Bc3+ 65. Kf1 Qd2 66. h8=Q Qe1# 0-1

[Event "Late-Titled-Tuesday-Blitz-March-05-2024"]
[Site "Chess.com"]
[Date "2024.03.05"]
[Round "1"]
[White "Fjal"]
[Black "Emp3rador"]
[Result "0-1"]
[WhiteElo "2306"]
[BlackElo "2612"]
[TimeControl "180+1"]
[EndTime "14:08:27 PST"]
[Termination "Emp3rador won on time"]

1. Nf3 d5 2. g3 Nf6 3. Bg2 Bg4 4. O-O Nbd7 5. h3 Bh5 6. Qe1 e6 7. d3 Be7 8. e4 O-O 9. Nh2 Bg6 10. f4 h6 11. f5 exf5 12. exf5 Bh7 13. g4 Bd6 14. Bf4 Re8 15. Qd2 Qe7 16. Nc3 Bxf4 17. Qxf4 c6 18. Rae1 Qc5+ 19. Qf2 Kf8 20. Nf3 Qxf2+ 21. Kxf2 Nc5 22.
Nd4 Nfd7 23. b4 Na6 24. a3 Nc7 25. Nce2 Bg8 26. Nf4 Rxe1 27. Rxe1 Re8 28. Rxe8+ Kxe8 29. b5 c5 30. Nde2 f6 31. a4 Ke7 32. Ng6+ Kd6 33.
Nef4 Bf7 34. Nh5 Bxg6 35. fxg6 Ne6 36. c3 Ne5 37. Ke3 Nxg6 38. c4 dxc4 39. dxc4 Ne5 40.
Bd5 Nc7 41. Nxg7 Nxd5+ 42. cxd5 Kxd5 43. Nf5 Nf7 44. Kd3 Ke5 45. Ke3 h5 46. a5 hxg4 47. hxg4 Kd5 48. Kd3 Ne5+ 49. Kc3 Nxg4 50. Ne7+ Ke6 51.
Nc8 a6 52. Kc4 Ne5+ 53. Kxc5 Nd7+ 54. Kc4 axb5+ 55. Kxb5 f5 56. Nb6 f4 57. Nc4 f3 58.
Nd2 f2 59. Nf1 Kd5 60. a6 bxa6+ 61. Kxa6 Nc5+ 62. Kb5 Ne4 63. Kb4 Kd4 64. Kb3 Kd3 65. Kb2 Ke2 66. Nh2 Nd2 67. Kc2 Nf3 0-1

[Event "Late-Titled-Tuesday-Blitz-March-05-2024"]
[Site "Chess.com"]
[Date "2024.03.05"]
[Round "1"]
[White "Kosak12"]
[Black "Caracal3000"]
[Result "1-0"]
[WhiteElo "2808"]
[BlackElo "2476"]
[TimeControl "180+1"]
[EndTime "14:08:31 PST"]
[Termination "Kosak12 won by resignation"]

1. e4 c5 2. Nf3 d6 3. Bb5+ Bd7 4. Bxd7+ Qxd7 5. O-O Nc6 6. c4 g6 7. d4 cxd4 8. Nxd4 Bg7 9. Be3 Nf6 10. f3 O-O 11. Nc3 a6 12. Qd3 Rac8 13. b3 Rfd8 14. Rac1 e6 15. Rfd1 d5 16. Nxc6 bxc6 17. e5 Ne8 18. f4 Nc7 19. Na4 Qe8 20. Bc5 Bf8 21. Bxf8 Qxf8 22. Kh1 Qb4 23. g3 a5 24. Qd4 Na6 25. cxd5 Qxd4 26. Rxd4 cxd5 27. Rdd1 Nb4 28. a3 Na2 29. Rxc8 Rxc8 30. Rd2 Nc3 31. Rc2 d4 32. Kg2 Rb8 33. Nxc3 Rc8 34. Kf3 dxc3 35. Ke3 f6 36.
exf6 Kf7 37. Kd3 Kxf6 38. Rxc3 Rd8+ 39. Ke3 Rd1 40. Rc5 Rb1 41. Rb5 Rb2 42. h3 h5 43. Kf3 Rb1 44. g4 hxg4+ 45. hxg4 Rb2 46. Rb7 g5 47. fxg5+ Kxg5 48. Rb5+ Kf6 49. Kf4 Rf2+ 50. Ke4 Rb2 51. g5+ Kg6 52. Ke5 Re2+ 53. Kd6 Re3 54. a4 e5 55. Rxe5 Rxb3 56. Rxa5 Ra3 57. Kc6 Ra1 58. Kb6 Rb1+ 59. Rb5 Ra1 60. a5 Re1 61. a6 Re6+ 62. Ka5 Re8 63. a7 Rf8 64. Ka6 Kg7 65. Rb7+ Kg8 66. Rb8 Kh7 67. Rxf8 1-0

[Event "Late-Titled-Tuesday-Blitz-March-05-2024"]
[Site "Chess.com"]
[Date "2024.03.05"]
[Round "1"]
[White "Kgutierrez95"]
[Black "averageFM"]
[Result "0-1"]
[WhiteElo "2217"]
[BlackElo "2584"]
[TimeControl "180+1"]
[EndTime "14:08:31 PST"]
[Termination "averageFM won by checkmate"]

1. e4 c5 2. Nf3 e6 3. d4 cxd4 4.
Nxd4 Nc6 5. Nc3 Qc7 6. Ndb5 Qb8 7.
Be2 a6 8. Nd4 Nf6 9. Bg5 Qe5 10.
Bxf6 gxf6 11. Nxc6 bxc6 12. Qd2 Rb8 13. Rb1 Rg8 14.
O-O Qg5 15. Qxg5 fxg5 16. Bd3 Bg7 17. Na4 Bd4 18. c3 Ba7 19. b3 d6 20. Nb2 d5 21.
exd5 cxd5 22. c4 Bb7 23. Bxh7 Rh8 24. Bd3 f5 25. cxd5 Bxd5 26. Bxa6 Kf7 27. Bc4 Be4 28. Rbc1 Bc5 29. Nd3 Bd6 30. f3 Bxh2+ 31. Kf2 Bb7 32.
Ne5+ Bxe5 33. Rfe1 Bd4+ 34. Ke2 Kf6 35. Kd3 e5 36. b4 Rbd8 37. Kc2 e4 38. fxe4 Bxe4+ 39. Kb3 Rc8 40. Rcd1 Be5 41. Rd2 Rh2 42. Ree2 Rh1 43. Bd5 Rb1+ 44. Ka4 Bxd5 45. Rxd5 Ra8+ 46. Ra5 Rxa5+ 47.
Kxa5 f4 48. b5 g4 49. Ka6 Kf5 50. b6 Rb2 51. Rxb2 Bxb2 52. b7 Be5 53. a4 f3 54.
a5 f2 55. Kb6 f1=Q 56. a6 Qf2+ 57. Kc6 Qa7 58. Kd7 Qxa6 59. g3 Qxb7+ 60. Ke8 Ke6 61.
Kf8 Qf7# 0-1